 Dungeon Crawl Stone Soup version 0.20-a0-1089-g3fde505 (webtiles) character file.

9519 Monsterracer the Geomancer (level 11, -1/63 HPs)
             Began as a Gargoyle Earth Elementalist on May 1, 2017.
             Was a Priest of Vehumet.
             Splashed by an orc's acid (8 damage)
             ... on level 8 of the Dungeon on May 2, 2017.
             The game lasted 01:12:03 (15636 turns).

Monsterracer the Geomancer (GrEE)                  Turns: 15636, Time: 01:12:04

Health: -1/63      AC: 16    Str: 13    XL:     11   Next: 47%
Magic:  1/22       EV: 11    Int: 20    God:    Vehumet [***...]
Gold:   630        SH: 10    Dex: 10    Spells: 0/25 levels left

rFire    + . .     SeeInvis .   H - +0 morningstar
rCold    . . .     Gourm    .   a - +0 buckler
rNeg     + + .     Faith    .   x - +2 leather armour {rF+}
rPois    ∞         Spirit   .   (no helmet)
rElec    +         Reflect  +   f - +1 cloak
rCorr    .         Harm     .   (no gloves)
MR       .....                  (no boots)
Stlth    ++........             j - +6 amulet of reflection
Regen    0.2/turn               o - ring of positive energy
MPRegen  0.2/turn               t - +2 ring of strength

@: no status effects
A: iridescent scales 1, negative energy resistance 1, electricity resistance,
wild magic 1, unbreathing, petrification resistance, rot immunity, AC +7
a: Renounce Religion


You were on level 8 of the Dungeon.
You worshipped Vehumet.
Vehumet was most pleased with you.
You were hungry.

You visited 2 branches of the dungeon, and saw 11 of its levels.

You collected 630 gold pieces.

Inventory:

Hand Weapons
 H - a +0 morningstar (weapon)
Armour
 a - a +0 buckler (worn)
 f - a +1 cloak (worn)
 u - a cursed +0 chain mail
 v - a +0 shield
 x - a +2 leather armour of fire resistance (worn)
Jewellery
 j - a +6 amulet of reflection (around neck)
 o - a ring of positive energy (left hand)
 t - a +2 ring of strength (right hand)
Wands
 b - a wand of disintegration (21/24)
 m - a wand of clouds (3/9)
 y - a wand of confusion (10/48)
 E - a wand of flame (10/48)
 F - a wand of flame (27/48)
Scrolls
 g - a scroll of amnesia
 i - 4 scrolls of remove curse
 k - a scroll of fog
 l - 5 scrolls of recharging
 q - 4 scrolls of enchant weapon
 r - 6 scrolls of identify
 w - a scroll of blinking
 B - 2 scrolls of teleportation
 G - a scroll of immolation
Potions
 c - a potion of flight
 p - 4 potions of curing
 z - 3 potions of mutation
 A - a potion of haste
Books
 e - a book of Geomancy

   Spells                             Type                      Level
   a - Sandblast                      Earth                        1
   b - Passwall                       Transmutation/Earth          2
   c - Stone Arrow                    Conjuration/Earth            3
   d - Petrify                        Transmutation/Earth          4
   e - Lee's Rapid Deconstruction     Earth                        5
Comestibles
 d - 6 bread rations
 h - 7 royal jellies
 n - a chunk of flesh
 s - 3 meat rations
 C - 7 fruits


   Skills:
 + Level 5.1 Fighting
 * Level 7.3 Maces & Flails
 - Level 2.0 Armour
 - Level 2.0 Dodging
 + Level 3.1 Stealth
 + Level 3.5 Shields
 + Level 7.5 Spellcasting
 * Level 10.1 Conjurations
 - Level 0.7 Transmutations
 + Level 10.2 Earth Magic


You couldn't memorise any spells.
You knew the following spells:

 Your Spells              Type           Power        Failure   Level  Hunger
a - Magic Dart            Conj           ####         1%          1    None
b - Searing Ray           Conj           ######       1%          2    None
c - Stone Arrow           Conj/Erth      ######       1%          3    None
d - Lee's Rapid Deconstr  Erth           ######....   2%          5    #####..
e - Fulminant Prism       Conj/Hex       #####.....   6%          4    ###....
f - Iskenderun's Mystic   Conj           ######..     1%          4    ###....
g - Passwall              Tmut/Erth      #####.....   3%          2    None
h - Force Lance           Conj/Tloc      #####...     6%          4    ###....


Dungeon Overview and Level Annotations

Branches:
Dungeon (10/15)            Temple (1/1) D:6             Orc (0/2) D:10
   Lair: D:8-11

Altars:
Ashenzari
Cheibriados
Dithmenos
Elyvilon
Fedhas
Gozag
Hepliaklqana
Kikubaaqudgha
Makhleb
Nemelex Xobeh
Okawaru
Qazlal
Ru
Sif Muna
Trog
Uskayaw
Vehumet
Wu Jian
Xom
Yredelemnul
Zin
The Shining One


Innate Abilities, Weirdness & Mutations

You are resistant to torment.
Your stone body is resilient. (AC +7)
You are immune to poison.
You resist negative energy. (rN+)
You are resistant to electric shocks. (rElec)
You can survive without breathing.
You are immune to petrification.
You are immune to rotting.
You are partially covered in iridescent scales. (AC +2)
Your spells are a little harder to cast, but a little more powerful.


Message History

Aiming: Stone Arrow
Press: ? - help, Shift-Dir - straight line, f/p - death yak
Aim: a death yak (heavily wounded, confused)
The stone arrow hits the death yak.
The death yak is severely wounded.
You see here a rat corpse.
You barely miss the death yak.
The death yak is severely wounded.
The death yak seems less confused.
The death yak gores you!
You see here a scale mail.
The orc shouts!
You hit the death yak.
The death yak is severely wounded.
The death yak gores you!
You see here a rat corpse.
The death yak gores you!!
The orc zaps a wand.
The bolt of acid hits you!
* * * LOW HITPOINT WARNING * * *
You are splashed with acid!
The acid burns!
You die...

........ #.#.#
.>...... #.#.#
.......# #
#.#.#
.......##.#
#.#######...#
.......'..#
#.........###
......Y####
###.[...#
###.##.#######
###Yo...#
#....##Y...#
#.§...###
##......##Y#
#@#####
#.####.##.#
#.# #.
..##.###.# #.
.####.Y...# #
.. ####### ##


You could see a death yak and an orc.

Vanquished Creatures
  A two-headed ogre (D:9)
  A death yak (D:8)
  A moth of wrath (D:9)
  2 centaur zombies (D:10)
  A troll (D:10)
  Prince Ribbit (D:3)
  2 hippogriffs
  The ghost of Mygna the Cutter, an amateur VSAs (D:3)
  2 vampires
  2 hungry ghosts
  Grum (D:10)
  A water moccasin (D:9)
  2 porcupines (D:8)
  An orc warrior (D:10)
  2 black bears
  3 ice beasts
  A sky beast (D:9)
  A phantom (D:10)
  2 wolves (D:10)
  6 ogres
  4 centaurs
  A crocodile (D:8)
  4 big kobolds (D:10)
  5 bullfrogs
  3 gnoll sergeants (D:10)
  A wyvern zombie (D:7)
  5 scorpions
  10 killer bees
  A crimson imp (D:3)
  6 howler monkeys
  10 hounds
  A bullfrog skeleton (D:10)
  3 jellies
  2 gnoll shamans
  3 orc priests
  8 orc wizards
  5 iguanas
  A centaur skeleton (D:4)
  A hell rat (D:8)
  Natasha (thrice) (D:3)
  Terence (D:2)
  7 worker ants
  2 killer bee zombies
  A hound zombie (D:10)
  2 hound skeletons
  A howler monkey zombie (D:10)
  3 worker ant zombies
  10 gnolls
  13 adders
  3 shadow imps
  2 oozes
  5 adder skeletons
  4 worms
  A dart slug (D:3)
  5 leopard geckos
  31 orcs
  7 giant cockroaches
  5 hobgoblins
  4 jackals (D:2)
  16 kobolds
  8 quokkas
  2 ball pythons
  11 bats
  9 frilled lizards
  2 giant cockroach zombies
  26 goblins
  A jackal skeleton (D:4)
  A jackal zombie (D:9)
  A quokka skeleton (D:5)
  16 rats
311 creatures vanquished.

Vanquished Creatures (others)
  2 plants (D:6)
2 creatures vanquished.

Grand Total: 313 creatures vanquished

Notes
Turn   | Place    | Note
-------+----------+-------------------------------------------
     0 | D:1      | Monsterracer the Gargoyle Earth Elementalist began the quest for the Orb.
     0 | D:1      | Reached XP level 1. HP: 10/10 MP: 3/3
   236 | D:1      | Reached XP level 2. HP: 15/15 MP: 3/5
   386 | D:1      | Learned a level 2 spell: Passwall
   670 | D:1      | Reached XP level 3. HP: 19/19 MP: 4/6
   856 | D:1      | Reached skill level 1 in Maces & Flails
   929 | D:1      | Learned a level 3 spell: Stone Arrow
  1312 | D:2      | Reached XP level 4. HP: 13/24 MP: 1/7
  2315 | D:2      | Reached skill level 5 in Earth Magic
  2377 | D:2      | Upgraded the game from 0.20-a0-1086-g4bd2f5b to 0.20-a0-1089-g3fde505
  2437 | D:3      | Reached skill level 1 in Conjurations
  2783 | D:3      | Found a snail-covered altar of Cheibriados.
  2828 | D:3      | Noticed Mygna's ghost (amateur VSAs)
  3001 | D:3      | Found a blossoming altar of Fedhas.
  3010 | D:3      | Reached XP level 5. HP: 26/28 MP: 8/8
  3146 | D:3      | Noticed Natasha
  3148 | D:3      | Killed Natasha
  3429 | D:3      | Noticed Terence
  3446 | D:2      | Killed Terence
  3617 | D:3      | Noticed Natasha
  3654 | D:3      | Killed Natasha
  3720 | D:3      | Gained mutation: You are robust. (+10% HP) [potion of mutation]
  3720 | D:3      | Lost mutation: You are robust. (+10% HP) [potion of mutation]
  3720 | D:3      | Gained mutation: Your spells are a little harder to cast, but a little more powerful. [potion of mutation]
  3720 | D:3      | Gained mutation: You are partially covered in iridescent scales. (AC +2) [potion of mutation]
  3803 | D:4      | Reached XP level 6. HP: 32/32 MP: 0/10
  3810 | D:4      | Learned a level 5 spell: Lee's Rapid Deconstruction
  4336 | D:4      | Found a sparkling altar of Nemelex Xobeh.
  4470 | D:3      | Noticed Natasha
  4680 | D:3      | Killed Natasha
  4923 | D:4      | Learned a level 2 spell: Searing Ray
  5010 | D:4      | Reached XP level 7. HP: 24/36 MP: 12/12
  5113 | D:4      | Found an ornate altar of the Wu Jian Council.
  5154 | D:4      | You fall through a shaft!
  5154 | D:5      | Entered Level 5 of the Dungeon
  5155 | D:5      | Noticed Prince Ribbit
  5465 | D:3      | Learned a level 1 spell: Magic Dart
  5515 | D:3      | Killed Mygna's ghost
  5764 | D:3      | Found an opulent altar of Gozag.
  5764 | D:3      | Found a hide-covered altar of Uskayaw.
  6136 | D:4      | Reached XP level 8. HP: 31/41 MP: 7/14
  7105 | D:3      | Killed Prince Ribbit
  7105 | D:3      | Reached skill level 5 in Conjurations
  7991 | D:6      | Reached skill level 5 in Spellcasting
  8017 | D:6      | Learned a level 4 spell: Iskenderun's Mystic Blast
  8123 | D:6      | Reached XP level 9. HP: 45/45 MP: 9/16
  8137 | D:6      | Reached skill level 1 in Armour
  8250 | D:6      | Found a staircase to the Ecumenical Temple.
  8286 | Temple   | Entered the Ecumenical Temple
  8328 | Temple   | Became a worshipper of Vehumet
  9195 | D:6      | HP: 2/45 [blast of rock fragments (25)]
  9472 | D:7      | Reached skill level 5 in Maces & Flails
  9648 | D:7      | Reached skill level 1 in Fighting
 10384 | D:7      | Reached * piety under Vehumet
 10384 | D:7      | Offered knowledge of Shock by Vehumet.
 10597 | D:7      | Found a sparkling altar of Nemelex Xobeh.
 11166 | D:8      | Noticed a death yak
 11229 | D:8      | Reached XP level 10. HP: 53/53 MP: 4/19
 11235 | D:8      | Learned a level 4 spell: Fulminant Prism
 11395 | D:8      | Noticed a death yak
 11395 | D:8      | Noticed a death yak
 12349 | D:9      | Offered knowledge of Throw Frost by Vehumet.
 12551 | D:9      | Reached skill level 1 in Shields
 12802 | D:9      | Noticed a moth of wrath
 12805 | D:9      | Found a bloodstained altar of Trog.
 12810 | D:9      | Killed a moth of wrath
 12814 | D:9      | Reached ** piety under Vehumet
 13075 | D:10     | Entered Level 10 of the Dungeon
 13106 | D:9      | Noticed a two-headed ogre
 13110 | D:9      | Killed a two-headed ogre
 13361 | D:10     | Noticed Grum
 13373 | D:10     | Killed Grum
 13615 | D:10     | Reached XP level 11. HP: 61/61 MP: 16/21
 13884 | D:10     | Offered knowledge of Static Discharge by Vehumet.
 13945 | D:10     | Reached skill level 10 in Earth Magic
 14332 | D:10     | Found a staircase to the Orcish Mines.
 14572 | D:10     | Reached *** piety under Vehumet
 14862 | D:10     | Reached skill level 5 in Fighting
 15321 | D:8      | Killed a death yak
 15321 | D:8      | Offered knowledge of Ignite Poison by Vehumet.
 15321 | D:8      | Reached skill level 10 in Conjurations
 15409 | D:8      | Learned a level 4 spell: Force Lance
 15636 | D:8      | Splashed by an orc's acid

Vault maps used:
D:1:      mrwooster_arrival_arrow, minmay_bisected
D:3:      kennysheep_slug_shrine, nicolae_overflow_crystal_walls,
          amethyst_overflow_temple_binary, first_bread, uniq_terence,
          uniq_natasha
D:4:      lemuel_coloured_pillars_altar, nemelex_xobeh_ov_fountains_minmay,
          hangedman_decor_lopped, minmay_ogre_servants
D:5:      uniq_prince_ribbit1
D:6:      minmay_temple_entry_overgrown
D:7:      nemelex_dance_club_becter
D:8:      dpeg_lair_monsters
D:9:      tgw_trog
D:10:     kennysheep_orc_monster_closet_entryway, uniq_grum
Temple:   eino_temple_rhombus

Skill      XL: |  1  2  3  4  5  6  7  8  9 10 11 |
---------------+----------------------------------+-----
Earth Magic    | 4 5 6 7 8 9 10 | 10.2
Maces & Flails | 1 2 3 4 5 6 7 |  7.3
Conjurations   | 1 2 3 5 7 9 10 | 10.1
Spellcasting   | 3 4 5 6 7 |  7.5
Dodging        | 2 |  2.0
Armour         | 2 |  2.0
Fighting       | 1 4 5 |  5.1
Shields        | 2 3 |  3.5
Stealth        | 3 |  3.1
Transmutations | |  0.7

Action                   |  1- 3 |  4- 6 |  7- 9 | 10-12 || total
-------------------------+-------+-------+-------+-------++-------
Melee: Unarmed           |     5 |       |       |       ||     5
       Club              |    83 |   180 |       |       ||   263
       Whip              |       |   165 |    70 |       ||   235
       Mace              |       |       |    98 |       ||    98
       Flail             |       |       |    99 |   132 ||   231
       Morningstar       |       |       |       |    22 ||    22
 Cast: Sandblast         |    29 |     3 |       |       ||    32
       Stone Arrow       |     2 |    36 |    25 |    15 ||    78
       Passwall          |       |     1 |     1 |       ||     2
       Searing Ray       |       |       |    32 |    39 ||    71
       Magic Dart        |       |       |    40 |    86 ||   126
       Lee's Rapid Decon |       |       |     9 |     9 ||    18
       Iskenderun's Myst |       |       |     6 |    16 ||    22
Evoke: Wand              |       |       |       |     2 ||     2
  Use: Potion            |     3 |     2 |     5 |     2 ||    12
       Scroll            |     1 |     9 |     5 |     3 ||    18
 Stab: Distracted        |       |     1 |       |       ||     1
       Sleeping          |       |     2 |       |     3 ||     5
  Eat: Chunk             |     2 |    16 |    18 |    17 ||    53
       Fruit             |       |       |     2 |       ||     2
       Meat ration       |       |       |     1 |     1 ||     2
Armor: Robe              |    39 |   157 |    48 |       ||   244
       Leather armour    |       |       |   165 |   163 ||   328
Dodge: Dodged            |    78 |   264 |   294 |   152 ||   788
Block: Buckler           |       |       |       |    35 ||    35
